AoeStats
← Blyad _Mann

MegaRandom

508951415Analyzed
4v4 RM · 7d ago on Sep 24, 2026· 50m 58s· 8 players
Game mode
Random Map
Map size
Large (8 player)
Population
200
Speed
Normal
Resources
Standard
Victory
Conquest
Starting age
Dark Age
Ending age
Imperial Age
RankedLock teamsTeams togetherTeam positionsShared explorationLock speedFull tech treeHidden civsTurbo modeCheats
Victory
Defeat
🇪🇸 Mongols · Spain
1037
+15
🇪🇸 Saxons · Spain
1036
+15
🇩🇪 Hindustanis · Germany
966
+18
🇳🇱 Danes · Netherlands
963
+17
🇹🇷 Persians · Türkiye
1056
-18
🇹🇷 Persians · Türkiye
1014
-17
🇬🇧 Persians · United Kingdom
1001
-45
🇩🇪 Persians · Germany
962
-14
sfalahati
5:24 Loom
6:23 Loom
10:17 Feudal Age
14:13 Wheelbarrow
15:09 Double-Bit Axe
22:35 Castle Age
24:43 Husbandry
24:54 Bloodlines
31:09 Bow Saw
31:02 Stone Mining
32:51 Light Cavalry
34:45 Gold Mining
`TryAki
0:31 Loom
10:02 Feudal Age
11:52 Horse Collar
11:58 Double-Bit Axe
19:32 Castle Age
33:56 Heavy Plow
33:49 Gold Mining
33:49 Stone Mining
34:11 Scale Barding Armor
34:16 Forging
34:45 Caravan
37:23 Imperial Age
34:43 Town Watch
35:34 Wheelbarrow
35:48 Chain Barding Armor
35:44 Bow Saw
35:58 Town Patrol
36:34 Gold Shaft Mining
35:50 Stone Mining
37:02 Iron Casting
37:02 Hand Cart
36:59 Elite War Elephant
38:00 Conscription
38:19 Crop Rotation
38:54 Two-Man Saw
38:31 Plate Barding Armor
39:05 Blast Furnace
38:09 Husbandry
38:20 Bloodlines
42:08 Stone Shaft Mining
Mistăr
0:35 Loom
10:52 Feudal Age
11:26 Double-Bit Axe
11:23 Horse Collar
20:16 Castle Age
19:33 Arson
21:05 Gold Mining
22:17 Man-at-Arms
24:46 Heavy Plow
24:58 Bow Saw
25:40 Forging
25:48 Pikeman
26:28 Squires
30:26 Iron Casting
34:13 Wheelbarrow
33:56 Bloodlines
33:47 Husbandry
34:16 Scale Barding Armor
35:48 Murder Holes
37:17 Chain Barding Armor
36:47 Fletching
40:06 Imperial Age
38:09 Kamandaran
37:51 Elite Skirmisher
39:03 Crossbowman
40:40 Thumb Ring
42:36 Blast Furnace
41:38 Padded Archer Armor
41:28 Elite Skirmisher
43:07 Conscription
42:10 Light Cavalry
43:48 Halberdier
44:55 Bodkin Arrow
45:16 Leather Archer Armor
48:18 Cavalier
Jack Sparrow
1:49 Loom
12:46 Feudal Age
18:42 Castle Age
18:11 Double-Bit Axe
18:08 Horse Collar
25:55 Stone Mining
27:19 Heavy Plow
33:40 Imperial Age
33:46 Imperial Age
32:08 Stone Shaft Mining
33:19 Forging
33:15 Scale Barding Armor
37:26 Wheelbarrow
37:35 Iron Casting
37:50 Crop Rotation
39:16 Hand Cart
39:53 Elite War Elephant
40:38 Gold Mining
40:48 Town Watch
41:25 Chain Barding Armor
41:50 Bow Saw
Blyad _Mann
0:31 Loom
11:30 Feudal Age
12:01 Double-Bit Axe
11:57 Horse Collar
20:50 Castle Age
19:03 Gold Mining
19:56 Forging
19:46 Scale Mail Armor
22:21 Wheelbarrow
22:02 Bow Saw
21:53 Heavy Plow
22:13 Stone Mining
23:18 Gold Shaft Mining
24:11 Hand Cart
27:05 Caravan
28:01 Town Watch
28:57 Iron Casting
28:37 Chain Mail Armor
30:40 Chain Mail Armor
31:01 Iron Casting
30:41 Pikeman
31:21 Squires
31:07 Arson
31:08 Gambesons
35:36 Imperial Age
35:59 Halberdier
36:00 Elite Varangian Guard
36:18 Elite Jomsviking
36:30 Hamask
37:25 Elite Varangian Guard
38:29 Conscription
43:03 Man-at-Arms
48:28 Long Swordsman
Clark_Kent__
5:06 Loom
12:16 Feudal Age
16:42 Castle Age
14:47 Double-Bit Axe
14:58 Horse Collar
18:05 Bow Saw
20:59 Scale Barding Armor
23:01 Wheelbarrow
23:06 Town Watch
23:58 Bloodlines
23:49 Husbandry
25:20 Hand Cart
27:22 Gold Mining
27:54 Forging
28:54 Gold Shaft Mining
30:41 Town Patrol
31:37 Stone Mining
34:05 Stone Shaft Mining
36:14 Imperial Age
33:36 Fletching
33:47 Padded Archer Armor
33:15 Pikeman
33:55 Squires
35:33 Scale Mail Armor
35:48 Leather Archer Armor
37:33 Iron Casting
37:14 Chain Mail Armor
36:54 Bodkin Arrow
37:17 Capped Ram
39:53 Conscription
39:56 Thumb Ring
41:30 Ballistics
42:11 Chemistry
41:22 Masonry
41:07 Murder Holes
41:03 Guard Tower
42:15 Parthian Tactics
41:46 Bodkin Arrow
42:46 Drill
45:14 Blast Furnace
45:07 Elite Mangudai
47:13 Plate Mail Armor
48:04 Caravan
48:35 Coinage
50:02 Bracer
50:23 Chain Barding Armor
50:05 Siege Ram
QUEVEDO
3:19 Loom
10:57 Feudal Age
18:07 Castle Age
17:06 Double-Bit Axe
18:31 Gold Mining
23:30 Fletching
26:28 Bodkin Arrow
27:42 Stone Mining
29:35 Scale Mail Armor
30:59 Squires
30:45 Gambesons
30:46 Arson
36:25 Horse Collar
39:02 Chain Mail Armor
38:58 Forging
38:49 Padded Archer Armor
39:08 Caravan
42:50 Wheelbarrow
43:43 Gold Shaft Mining
45:41 Hand Cart
45:11 Town Watch
48:45 Imperial Age
46:19 Heavy Plow
46:32 Bow Saw
48:05 Town Patrol
49:03 Leather Archer Armor
49:24 Iron Casting
48:47 Fishing Lines
48:54 Elite Varangian Guard
49:22 Shield Wall
50:24 Conscription
Jimmy Levy (GEO)
1:14 Loom
13:17 Feudal Age
18:05 Castle Age
16:33 Double-Bit Axe
17:08 Horse Collar
19:10 Bow Saw
24:03 Heavy Plow
26:25 Wheelbarrow
25:37 Town Watch
28:20 Gold Mining
29:53 Fortified Wall
30:52 Gold Shaft Mining
30:20 Caravan
31:33 Hand Cart
31:12 Stone Mining
32:56 Stone Shaft Mining
36:19 Imperial Age
33:14 Pikeman
34:05 Scale Mail Armor
34:58 Coinage
34:49 Husbandry
34:59 Bloodlines
34:53 Squires
34:38 Arson
35:40 Chain Mail Armor
36:26 Town Patrol
37:09 Heavy Camel Rider
38:02 Forging
37:53 Padded Archer Armor
39:02 Scale Barding Armor
39:33 Iron Casting
38:49 Fletching
40:01 Chemistry
39:22 Ballistics
39:08 Siege Engineers
39:28 Conscription
40:43 Two-Man Saw
40:05 Imperial Camel Rider
42:51 Blast Furnace
42:33 Banking
43:11 Chain Barding Armor
43:34 Leather Archer Armor
43:15 Bodkin Arrow
43:41 Grand Trunk Road
45:43 Plate Barding Armor
45:33 Siege Elephant
47:32 Ring Archer Armor
47:03 Bracer
47:15 Masonry
49:31 Hoardings
Connection lost

Rejoining the realm…

Still unreachable

The connection could not be restored.

Session expired

The server has moved on; the page needs a fresh start.